 Dungeon Crawl Stone Soup version 0.27.0-1-g7a089689b8 (webtiles) character file.

Game seed: 10802597029195027902

373 Calibrex the Ruffian (level 6, -13/55 HPs)
             Began as a Ghoul Monk on Aug 18, 2021.
             Was a Believer of Makhleb.
             Mangled by an ogre (15 damage)
             ... in the Ecumenical Temple.
             The game lasted 00:07:48 (2975 turns).

Calibrex the Ruffian (Ghoul Monk)                   Turns: 2975, Time: 00:07:49

Health: -13/55     AC: 12    Str: 29    XL:     6   Next: 72%
Magic:  5/5        EV:  8    Int:  5    God:    Makhleb [**....]
Gold:   161        SH:  0    Dex: 11    Spells: 5/5 levels left

rFire    . . .     SeeInvis .     - Unarmed
rCold    + . .     Faith    .   (no shield)
rNeg     + + +     Spirit   .   g - +0 plate armour
rPois    ∞         Reflect  .   (no helmet)
rElec    .         Harm     .   (no cloak)
rCorr    .         Rampage  .   (no gloves)
Will     .....                  s - +0 pair of boots
Stlth    ..........             b - amulet of regeneration
HPRegen  0.00/turn              i - +6 ring of strength
MPRegen  0.09/turn              r - +6 ring of strength

@: flying, inhibited regen
A: claws 1, cold resistance 1, negative energy resistance 3, inhibited
regeneration, torment resistance 2
a: Renounce Religion, Minor Destruction


You were in the Ecumenical Temple.
You worshipped Makhleb.
Makhleb was pleased with you.
You visited 2 branches of the dungeon, and saw 5 of its levels.

You collected 161 gold pieces.

Inventory:

Hand Weapons
 k - a +3 whip of draining
 p - a +1 whip of electrocution
Armour
 g - a +0 plate armour (worn)
 s - a +0 pair of boots (worn)
Jewellery
 b - an amulet of regeneration (around neck)
 e - a ring of fire
 i - a +6 ring of strength (left claw)
 j - an amulet of the acrobat
 r - a +6 ring of strength (right claw)
Scrolls
 f - 2 scrolls of fog {unknown}
 l - 2 scrolls of teleportation {unknown}
 n - 2 scrolls of identify
Potions
 c - a potion of lignification
 m - a potion of mutation {unknown}
 o - a potion of curing {unknown}
 q - a potion of heal wounds {unknown}


   Skills:
 + Level 4.9 Fighting
 + Level 2.5 Armour
 + Level 4.0 Dodging
 - Level 2.1 Stealth
 + Level 5.0 Unarmed Combat


You had 5 spell levels left.
You didn't know any spells.
Your spell library contained the following spells:

 Spells                   Type           Power      Damage    Failure   Level
 Shock                    Conj/Air       0%         1d3       99%         1
 Swiftness                Air            0%         N/A       100%        3
 Airstrike                Air            0%         N/A       100%        4


Dungeon Overview and Level Annotations

Branches:
Dungeon (4/15)             Temple (1/1) D:4

Altars:
Ashenzari
Elyvilon
Fedhas
Gozag
Hepliaklqana
Kikubaaqudgha
Makhleb
Nemelex Xobeh
Qazlal
Ru
Sif Muna
Trog
Xom
Zin
The Shining One


Innate Abilities, Weirdness & Mutations

You thrive by killing the living.
You are immune to poison.
You have sharp fingernails.
Your flesh is cold resistant. (rC+)
You are immune to negative energy. (rN+++)
You do not regenerate when monsters are visible.
You are immune to unholy pain and torment.


Message History

The gnoll hits you with a +0 flail.
You closely miss the gnoll.
The gnoll is lightly wounded.
The gnoll hits you with a +0 flail.
You scratch the gnoll. You claw the gnoll!
The gnoll is almost dead.
You claw the gnoll!
You kill the gnoll!
Makhleb accepts your kill.
You feel better.
An ogre comes into view. It is wielding a +0 giant club.
Your Unarmed Combat skill increases to level 5!
The ogre shouts!
You climb downwards.
Welcome back to the Ecumenical Temple!
There is a staircase back to the Dungeon here.
You start resting.
HP restored.
You climb upwards.
Welcome back to the Dungeon!
The jelly hits you.
You are splashed with acid!
The gnoll barely misses you. The ogre hits you with a +0 giant club!
The jelly barely misses you. The gnoll barely misses you.
There is a staircase to the Ecumenical Temple here.
The jelly hits you but does no damage. The ogre hits you with a +0 giant club!
* * * LOW HITPOINT WARNING * * *
The gnoll barely misses you.
You climb downwards.
Welcome back to the Ecumenical Temple!
There is a staircase back to the Dungeon here.
The jelly jiggles.
The jelly hits you but does no damage.
Okay, then.
It was a potion of flight.
You feel very buoyant.
You fly up into the air.
The gnoll hits you with a +0 whip.
* * * LOW HITPOINT WARNING * * *
The jelly closely misses you. The gnoll hits you but does no damage.
The ogre hits you with a +0 giant club.
* * * LOW HITPOINT WARNING * * *
The ogre hits you with a +0 giant club!
You die...

♣♣..♣....♣.♣.♣♣♣♣
♣................
.................
♣................... .♣♣♣♣♣♣
♣♣♣♣.................. ..♣...♣
...........#######... .......
........ ##...g.## .......
....... ##....J..## .......
...... #.....O@..# .........
...#######.........#######......
..##........._._.........##.....
.##.......................##...
.#.........................#...
.#....._............._.....#...
#.........................# ..
#..._................._...# .
#.........................#


You could see an ogre, a jelly and a gnoll.

Vanquished Creatures
  A black bear (D:4)
  A water moccasin skeleton (D:4)
  A hound (Temple)
  An iguana (D:4)
  Terence (D:2)
  2 gnolls
  3 adders
  An ufetubus (D:4)
  An adder skeleton (D:3)
  5 worms
  A dart slug (D:3)
  An orc (D:3)
  7 ball pythons
  4 bats (D:1)
  4 endoplasms
  5 giant cockroaches
  4 goblins
  7 hobgoblins
  12 jackals (D:3)
  6 kobolds
  2 quokkas
  3 frilled lizards
  6 rats
79 creatures vanquished.

Notes
Turn   | Place    | Note
-------+----------+-------------------------------------------
     0 | D:1      | Calibrex the Ghoul Monk began the quest for the Orb.
     0 | D:1      | Reached XP level 1. HP: 19/19 MP: 0/0
   175 | D:1      | Reached XP level 2. HP: 26/26 MP: 1/1
   458 | D:1      | Found a faded altar of an unknown god.
   477 | D:1      | Reached XP level 3. HP: 33/33 MP: 2/2
  1565 | D:2      | Found a blossoming altar of Fedhas.
  1666 | D:2      | Reached skill level 1 in Armour
  1666 | D:2      | Reached skill level 4 in Unarmed Combat
  1666 | D:2      | Reached XP level 4. HP: 40/40 MP: 3/3
  1714 | D:2      | Noticed Terence
  1738 | D:2      | Killed Terence
  2185 | D:3      | Reached XP level 5. HP: 46/46 MP: 4/4
  2480 | D:3      | Found a burning altar of Makhleb.
  2545 | D:3      | Became a worshipper of Makhleb the Destroyer
  2545 | D:3      | Reached * piety under Makhleb
  2545 | D:3      | Reached ** piety under Makhleb
  2583 | D:4      | Noticed a black bear
  2594 | D:4      | Killed a black bear
  2595 | D:4      | Reached XP level 6. HP: 42/53 MP: 5/5
  2633 | D:4      | Found a staircase to the Ecumenical Temple.
  2746 | Temple   | Entered the Ecumenical Temple
  2940 | D:4      | Reached skill level 5 in Unarmed Combat
  2974 | Temple   | HP: 2/55 [ogre (6)]
  2975 | Temple   | Mangled by an ogre

Illustrated notes

Levels and vault maps discovered:
D:1:      psy_arrival_heroes, layout_loops_ring,
          ebering_ecumenical_altar_abandoned
D:2:      layout_basic, basic_altar, uniq_terence
D:3:      layout_rooms, lightli_temple_of_fire, ebering_dispersal_statue_hall
D:4:      layout_rooms, amcnicky_altar_gilded, minmay_temple_entry_waves,
          kennysheep_nub
Temple:   nicolae_temple_great_sept

Skill      XL: |  1  2  3  4  5  6 |
---------------+-------------------+-----
Dodging        | 3 4 |  4.0
Fighting       | 4 |  4.9
Armour         | 1 2 |  2.5
Unarmed Combat | 4 5 |  5.0
Stealth        | |  2.1

Action                   |  1- 3 |  4- 6 || total
-------------------------+-------+-------++-------
Melee: Unarmed           |   121 |   164 ||   285
       Punch             |       |     6 ||     6
Invok: Minor Destruction |       |     4 ||     4
  Use: Scroll            |     4 |     4 ||     8
       Potion            |       |     2 ||     2
Armor: Ring mail         |    26 |       ||    26
       Plate armour      |    19 |   132 ||   151
       Scale mail        |     2 |       ||     2
Dodge: Dodged            |    46 |    81 ||   127
